 Dungeon Crawl Stone Soup version 0.18.1-1-g2f07953 (webtiles) character file.

2500 lightmor the Cleaver (level 9, -9/105 HPs)
             Began as a Minotaur Berserker on May 7, 2016.
             Was a Priest of Trog.
             Mangled by a centaur warrior (10 damage)
             ... on level 8 of the Dungeon.
             The game lasted 00:11:32 (6725 turns).

lightmor the Cleaver (Minotaur Berserker)           Turns: 6725, Time: 00:11:33

Health: -9/105     AC:  6    Str: 31    XL:     9   Next: 28%
Magic:  8/8        EV: 11    Int:  4    God:    Trog [***...]
Gold:   484        SH:  0    Dex:  9    Spells: 0 memorised, 8 levels left

rFire  + . .     SeeInvis .     C - +0 battleaxe (curse)
rCold  . . .     Gourm    .     b - +0 animal skin
rNeg   . . .     Faith    .     (shield currently unavailable)
rPois  .         Spirit   .     (helmet restricted)
rElec  .         Dismiss  .     (no cloak)
rCorr  .         Reflect  .     F - +1 pair of gloves
SustAt .         Harm     .     (no boots)
MR     .....                    (no amulet)
Stlth  ..........               A - ring of protection from fire
                                G - +2 ring of protection

@: berserking, drained, very quick, not resistant to hostile enchantments,
extremely unstealthy
A: retaliatory headbutt, horns 2
a: Berserk, Trog's Hand, Burn Spellbooks, Renounce Religion


You were on level 8 of the Dungeon.
You worshipped Trog.
Trog was most pleased with you.
You were not hungry.

You visited 1 branch of the dungeon, and saw 7 of its levels.

You collected 484 gold pieces.

Inventory:

Hand Weapons
 a - a +0 hand axe
 s - a +0 war axe
 C - a cursed +0 battleaxe (weapon)
Missiles
 k - 40 poisoned needles
Armour
 b - a +0 animal skin (worn)
 F - a +1 pair of gloves (worn)
Jewellery
 A - a ring of protection from fire (right hand)
 G - a +2 ring of protection (left hand)
Wands
 q - a wand of flame (21/48)
 x - a wand of confusion (24/48)
 y - a wand of confusion (26/48)
 B - a wand of iceblast (8/15)
 E - a wand of acid (7/15)
Scrolls
 e - a scroll of amnesia
 i - a scroll of teleportation {unknown}
 j - a scroll of magic mapping {unknown}
 l - a scroll of remove curse
 o - a scroll of fog {unknown}
 p - a scroll of recharging {unknown}
 r - a scroll of enchant weapon {unknown}
 u - a scroll of torment {unknown}
 w - 2 scrolls of fear
Potions
 d - 4 potions of agility
 g - a potion of heal wounds
 m - 2 potions of curing
 n - 3 potions of flight
 z - a potion of lignification
 D - a potion of brilliance {unknown}
Comestibles
 c - 3 bread rations
 h - 3 meat rations
 t - 8 fruits


   Skills:
 - Level 3.6(2.6) Fighting
 + Level 14.6(13.3) Axes
 - Level 2.4(1.4) Armour
 - Level 2.1(1.2) Dodging


You had 8 spell levels left.
You didn't know any spells.

Dungeon Overview and Level Annotations

Branches:
Dungeon (8/15)             Temple (0/1) D:7
   Lair: D:8-11

Altars:
Cheibriados
Elyvilon
Fedhas
Gozag
Ru
Sif Muna
Trog
Vehumet


Innate Abilities, Weirdness & Mutations

You reflexively headbutt those who attack you in melee.
You have a pair of horns on your head.


Message History

That beef jerky was jerk-a-riffic!
A red film seems to cover your vision as you go berserk!
You feel yourself moving faster!
You feel mighty!
You feel somewhat more hungry. The centaur warrior hits you!
* * * LOW HITPOINT WARNING * * *
The centaur warrior hits you.
* * * LOW HITPOINT WARNING * * *
You are too injured to fight recklessly!
You are too injured to fight recklessly!
You are too injured to fight recklessly!
You are too injured to fight recklessly!
You completely miss the centaur warrior.
Your headbutt misses the centaur warrior.
The centaur warrior is heavily wounded.
The centaur warrior hits you but does no damage.
You slash the centaur warrior!
Your headbutt misses the centaur warrior.
The centaur warrior is severely wounded.
The centaur warrior hits you!
You die...

.# ########.# .#.#
.#######......#.# .#.##
.......+......#.###
G.c.#
.#######..........#
....##
..................#
..c..
...#####.#.##.....# ...
##.# #.#.##.....###.##
##.#####.#=......cG((..+
.......#.#######@#####.#
#. ....##.#.# #.# # #.
....##.#.# #.# #.
....##.#.#######.# #.
....<..#.........# #####
#. ....##############
#...# #. ...........#
#...# #. ....##.....#
#...#########.
....##.....#
#.............


You could see a centaur warrior and an eye of draining.

Vanquished Creatures
  A wyvern (D:8)
  A hippogriff (D:8)
  Edmund (D:5)
  An ice beast (D:5)
  A phantom (D:3)
  A sky beast (D:8)
  2 ogres
  An orc warrior (D:8)
  A big kobold (D:8)
  4 giant frogs
  Blork the orc (D:5)
  2 scorpions
  3 wights (D:8)
  A crimson imp (D:7)
  2 orc priests (D:3)
  A giant frog zombie (D:5)
  3 hounds
  2 jellies (D:7)
  7 orc wizards
  2 centaur skeletons
  2 iguanas (D:4)
  5 worker ants
  A killer bee zombie (D:7)
  A hound zombie (D:5)
  A hound skeleton (D:4)
  3 gnolls (D:8)
  9 adders
  A howler monkey skeleton (D:7)
  5 worms
  2 dart slugs
  5 giant geckos
  13 orcs
  A ball python (D:2)
  3 bats
  5 giant cockroaches
  8 goblins
  7 hobgoblins
  3 jackals (D:2)
  13 kobolds
  2 quokkas
  2 giant newts
  A quokka skeleton (D:8)
  4 rats
135 creatures vanquished.

Notes
Turn   | Place    | Note
--------------------------------------------------------------
     0 | D:1      | lightmor the Minotaur Berserker began the quest for the Orb.
     0 | D:1      | Reached XP level 1. HP: 19/19 MP: 0/0
   127 | D:1      | Reached skill level 4 in Axes
   182 | D:1      | Reached XP level 2. HP: 21/26 MP: 1/1
   420 | D:2      | Found a snail-covered altar of Cheibriados.
   523 | D:2      | Reached skill level 5 in Axes
   529 | D:2      | Reached XP level 3. HP: 25/31 MP: 2/2
   765 | D:2      | Reached ** piety under Trog
   854 | D:2      | Found a radiant altar of Vehumet.
   945 | D:2      | Reached XP level 4. HP: 26/39 MP: 3/3
  1180 | D:3      | Reached skill level 6 in Axes
  1184 | D:3      | Reached skill level 7 in Axes
  1184 | D:3      | Reached XP level 5. HP: 10/45 MP: 4/4
  1602 | D:3      | Found an opulent altar of Gozag.
  1627 | D:3      | Found a faded altar to an unknown god.
  1871 | D:3      | Found a deep blue altar of Sif Muna.
  2408 | D:4      | Reached skill level 8 in Axes
  2415 | D:4      | Reached XP level 6. HP: 8/51 MP: 5/5
  2857 | D:4      | Reached skill level 9 in Axes
  3081 | D:4      | Reached XP level 7. HP: 57/57 MP: 6/6
  3302 | D:5      | Entered Level 5 of the Dungeon
  3347 | D:5      | Reached skill level 10 in Axes
  3349 | D:5      | Reached *** piety under Trog
  3613 | D:5      | Noticed Blork the orc
  3631 | D:5      | Killed Blork the orc
  3631 | D:5      | Reached skill level 11 in Axes
  3853 | D:5      | Noticed Edmund
  3864 | D:5      | Killed Edmund
  3864 | D:5      | Reached XP level 8. HP: 64/64 MP: 7/7
  3923 | D:5      | Found a white marble altar of Elyvilon.
  4062 | D:5      | You fall through a shaft for 3 floors!
  4081 | D:8      | Reached skill level 12 in Axes
  4613 | D:8      | HP: 4/96 [wyvern (18)]
  4614 | D:8      | Reached skill level 13 in Axes
  5276 | D:7      | Found a staircase to the Ecumenical Temple.
  5591 | D:7      | Found a blossoming altar of Fedhas.
  5597 | D:7      | Found a sacrificial altar of Ru.
  5614 | D:7      | Reached XP level 9. HP: 65/70 MP: 8/8
  5694 | D:7      | Found a bloodstained altar of Trog.
  5819 | D:7      | Reached skill level 14 in Axes
  6024 | D:8      | Reached **** piety under Trog
  6708 | D:8      | Noticed a centaur warrior
  6723 | D:8      | HP: 2/105 [centaur warrior (11)]
  6725 | D:8      | Mangled by a centaur warrior

Skill      XL: |  1  2  3  4  5  6  7  8  9 |
---------------+----------------------------+-----
Axes           | 4 5 7 8 9 11 13 14 | 14.6
Fighting       | |  3.6
Armour         | |  2.4
Dodging        | |  2.1

Action                   |  1- 3 |  4- 6 |  7- 9 || total
-------------------------+-------+-------+-------++-------
Melee: Hand axe          |    75 |   120 |   201 ||   396
       Headbutt          |     9 |    18 |    50 ||    77
       War axe           |       |       |    11 ||    11
       Battleaxe         |       |       |     7 ||     7
Invok: Berserk           |       |     3 |     7 ||    10
       Trog's Hand       |       |     1 |       ||     1
       Burn Spellbooks   |       |       |     1 ||     1
  Use: Scroll            |     1 |     1 |     4 ||     6
       Potion            |       |       |     3 ||     3
 Stab: Sleeping          |     1 |     2 |     1 ||     4
       Distracted        |       |     1 |     1 ||     2
  Eat: Chunk             |       |     9 |    17 ||    26
       Beef jerky        |       |       |     1 ||     1
Armor: Animal skin       |     8 |    10 |    20 ||    38
Dodge: Dodged            |    36 |    60 |    87 ||   183
